 Dungeon Crawl Stone Soup version 0.31-a0-210-gccc998df9b (webtiles) character file.

Game seed: 2538064088647491734

102 qw the Chopper (level 4, -2/28 HPs)
             Began as a Gargoyle Fighter on June 30, 2023.
             Slain by a gnoll
             ... wielding a +0 halberd
             ... led by a gnoll sergeant
              (9 damage)
             ... on level 4 of the Dungeon.
             The game lasted 00:01:05 (2330 turns).

qw the Chopper (Gargoyle Fighter)                   Turns: 2330, Time: 00:01:06

Health: -2/28      AC: 11    Str: 22    XL:     4   Next: 77%
Magic:  4/4        EV:  9    Int:  8    God:
Gold:   62         SH:  4    Dex:  9    Spells: 3/3 levels left

rFire   + . .        Y - +0 war axe
rCold   . . .        c - +0 buckler
rNeg    + . .        b - +0 scale mail
rPois   inf          (no helmet)
rElec   +            (no cloak)
rCorr   .            m - +0 pair of gloves
SInv    .            (no boots)
Will    .....        (no amulet) Stlth
                     l - ring of protection from fire
HPRegen 0.24/turn    (no ring)
MPRegen 0.09/turn

%: no passive effects
@: no status effects
A: sickness immunity, AC +3, negative energy resistance 1, electricity
resistance, torment resistance 1, petrification resistance
a: no special abilities


You were on level 4 of the Dungeon.
You visited 1 branch of the dungeon, and saw 4 of its levels.

You collected 85 gold pieces.
You spent 23 gold pieces at shops.


Innate Abilities, Weirdness & Mutations

You are immune to sickness and miasma.
Your stone body is resilient. (AC +3)
You are immune to poison.
You resist negative energy. (rN+)
You are resistant to electric shocks. (rElec)
You are resistant to unholy torment.
You are immune to petrification.


   Skills:
 - Level 3.2 Fighting
 + Level 4.3 Axes
 - Level 3.2 Armour
 - Level 3.2 Shields


You had 3 spell levels left.
You didn't know any spells.
Your spell library was empty.

Inventory:

Hand Weapons
 k - a +0 flail
 Y - a +0 war axe (weapon)
Armour
 b - a +0 scale mail (worn)
 c - a +0 buckler (worn)
 j - a +0 chain mail
 m - a +0 pair of gloves (worn)
Jewellery
 l - a ring of protection from fire (left hand)
Scrolls
 e - a scroll of teleportation
 i - a scroll of identify
Potions
 a - a potion of haste
 d - a potion of might
 f - a potion of attraction
 g - a potion of ambrosia {unknown}
 h - a potion of mutation {unknown}

Dungeon Overview and Level Annotations

Branches:
Dungeon (4/15)
 Temple: D:4-7

Altars:
Elyvilon

Shops:
D:1 =**?


Message History

a - a potion of haste;
2276 ||| IDENTIFYING murky red potion Done exploring.
2277 ||| READING 2 scrolls of identify.
As you read the scroll of identify, it crumbles to dust.
f - a potion of attraction;
2277 ||| IDENTIFYING grey potion Done exploring.
(D) Dungeon
Where to? (* - list waypoints, Enter - D:3, ? - help)
What level of the Dungeon? (default 1, ? - help)
There is a stone staircase leading down here.
You climb downwards.
Found 9 gold pieces.
There is a stone staircase leading up here.
Waypoint 3 assigned to D:4.
You now have enough gold to buy 3 scrolls of identify on D:1.
You can access your shopping list by pressing '$'.
You now have 62 gold pieces (gained 9).
An orc comes into view. It is wielding a +0 hand axe.
Found a chain mail.
You slash the orc!
You kill the orc!
j - a +0 chain mail As you open the door, it creaks loudly!
A gnoll sergeant and 3 gnolls come into view.
The gnoll sergeant shouts!
The gnoll shouts! x3
Found a leather armour and 20 gold pieces.
You hit the gnoll but do no damage.
The gnoll hits you but does no damage. x2
You closely miss the gnoll.
The gnoll sergeant hits you from afar with a +0 trident.
The gnoll hits you from afar with a +0 halberd!
The gnoll hits you from afar with a +0 spear.
The gnoll hits you but does no damage.
You barely miss the gnoll. You block the gnoll sergeant's attack.
The gnoll barely misses you. The gnoll hits you but does no damage.
You block the gnoll's attack.
The gnoll sergeant hits you from afar with a +0 trident!
The gnoll barely misses you.
The gnoll hits you from afar with a +0 halberd!
You die...

#.########.#.# #
######)...#
#.........#
#.####...##### ##.##
#~~ #.# #~#
##.#####.# #~## ###
.........# ##~~#g..#
#######.####..@gg[$#
#......~~#g..#
#..####~## ### #..#
#~# #### #~~ ####


You could see a gnoll sergeant and 3 gnolls.

Vanquished Creatures
  An iguana (D:3)
  An adder (D:3)
  3 worms
  A dart slug (D:1)
  2 orcs
  2 ball pythons
  7 endoplasms
  2 giant cockroaches (D:2)
  5 hobgoblins
  6 jackals (D:1)
  4 quokkas
  4 goblins
  6 kobolds
  2 rats
46 creatures vanquished.

Notes
Turn   | Place    | Note
-------+----------+-------------------------------------------
     0 | D:1      | qw the Gargoyle Fighter began the quest for the Orb.
     0 | D:1      | Reached XP level 1. HP: 14/14 MP: 1/1
     0 | D:1      | 0 ||| qw: Version: 0.3-a-26-gee661ec
     0 | D:1      | 0 ||| qw: Game counter: 7234
     0 | D:1      | 0 ||| qw: Melee chars always use a shield: true
     0 | D:1      | 0 ||| qw: God list: Okawaru
     0 | D:1      | 0 ||| qw: Allow faded altars: false
     0 | D:1      | 0 ||| qw: Do Orc after clearing Dungeon:15 true
     0 | D:1      | 0 ||| qw: Do second Lair branch before Depths: true
     0 | D:1      | 0 ||| qw: Lair rune preference: random
     0 | D:1      | 0 ||| qw: Goals: Normal, Zot:1-4, Slime:5, God:TSO, Crypt,
                  | Tomb, Abyss, Pan, Hells, Win
     0 | D:1      | 0 ||| PLANNING D:1-11
    48 | D:1      | 48 ||| Stepping ~*~*~tactically~*~*~ (stealth).
    57 | D:1      | Reached skill level 2 in Axes
    88 | D:1      | Found Emmeah's Assorted Antiques.
   106 | D:1      | 106 ||| SHOPLISTING glowing soapstone amulet (130 gold,
                  | have 23).
   106 | D:1      | 106 ||| BUYING grey potion (23 gold).
   106 | D:1      | Bought a grey potion for 23 gold pieces
   106 | D:1      | 106 ||| SHOPLISTING scroll labelled MASIGI QYRIU (26 gold,
                  | have 0).
   106 | D:1      | 106 ||| SHOPLISTING scroll labelled RELINUNOSE (26 gold,
                  | have 0).
   106 | D:1      | 106 ||| SHOPLISTING worn iron wand (104 gold, have 0).
   139 | D:1      | Reached XP level 2. HP: 19/19 MP: 2/2
   285 | D:1      | Found Hoisiewn's General Store.
   294 | D:1      | 294 ||| SHOPLISTING potion of lignification (39 gold, have
                  | 0).
   433 | D:1      | 433 ||| DROPPING +0 club.
   446 | D:1      | Found Ceired's Jewellery Emporium.
   455 | D:1      | 455 ||| SHOPLISTING ring "Coicemom" {Fire Str+3} (421 gold,
                  | have 10).
   455 | D:1      | 455 ||| SHOPLISTING ring of ice (275 gold, have 10).
   455 | D:1      | 455 ||| SHOPLISTING ring of positive energy (220 gold, have
                  | 10).
   455 | D:1      | 455 ||| SHOPLISTING ring of protection from cold (275 gold,
                  | have 10).
   455 | D:1      | 455 ||| SHOPLISTING ring of see invisible (165 gold, have
                  | 10).
   455 | D:1      | 455 ||| SHOPLISTING ring of willpower (275 gold, have 10).
   462 | D:1      | 462 ||| Stepping ~*~*~tactically~*~*~ (stealth).
   527 | D:1      | Reached skill level 3 in Axes
   549 | D:1      | 549 ||| Stepping ~*~*~tactically~*~*~ (hiding).
   550 | D:1      | 550 ||| Stepping ~*~*~tactically~*~*~ (hiding).
   764 | D:1      | Reached XP level 3. HP: 19/23 MP: 3/3
   814 | D:1      | Found Metunus's Magic Scroll Emporium.
   817 | D:1      | 817 ||| SHOPLISTING 3 scrolls of identify (60 gold, have
                  | 18).
   817 | D:1      | 817 ||| SHOPLISTING scroll of enchant armour (75 gold, have
                  | 18).
   817 | D:1      | 817 ||| SHOPLISTING scroll of teleportation (30 gold, have
                  | 18).
   954 | D:1      | 954 ||| UPGRADING to +0 pair of gloves.
   959 | D:1      | 959 ||| READING scroll labelled RELINUNOSE.
   960 | D:1      | 960 ||| READING scroll labelled AKHLIQI TURUAPU.
   964 | D:1      | 964 ||| READING 3 scrolls labelled QAKAMN LOIBO.
   965 | D:1      | 965 ||| READING scroll labelled WIV SIURCHA.
   966 | D:1      | 966 ||| READING scroll labelled MASIGI QYRIU.
   967 | D:1      | 967 ||| READING scroll labelled YSOTEZYSOZ.
   968 | D:1      | 968 ||| DROPPING 2 scrolls of poison.
   988 | D:2      | 988 ||| STAIRDANCE
  1280 | D:2      | 1280 ||| Stepping ~*~*~tactically~*~*~ (hiding).
  1647 | D:2      | 1647 ||| READING scroll labelled DETAXU FYM WUO.
  1648 | D:2      | 1648 ||| READING scroll labelled DYNOWN FIEPPEDUNUW.
  1677 | D:3      | 1677 ||| Stepping ~*~*~tactically~*~*~ (hiding).
  1845 | D:3      | Found a white marble altar of Elyvilon.
  1897 | D:3      | Reached XP level 4. HP: 28/28 MP: 4/4
  1906 | D:3      | 1906 ||| DROPPING +0 mace.
  2003 | D:3      | Reached skill level 4 in Axes
  2079 | D:3      | Found a faded altar of an unknown god.
  2274 | D:3      | 2274 ||| UPGRADING to ring of protection from fire.
  2275 | D:3      | 2275 ||| READING scroll labelled XAERARI USAT.
  2276 | D:3      | 2276 ||| READING 3 scrolls of identify.
  2276 | D:3      | 2276 ||| IDENTIFYING murky red potion
  2277 | D:3      | 2277 ||| READING 2 scrolls of identify.
  2277 | D:3      | 2277 ||| IDENTIFYING grey potion
  2327 | D:4      | Noticed a gnoll sergeant
  2330 | D:4      | HP: 7/28 [gnoll sergeant/+0 trident (7)]
  2330 | D:4      | Slain by a gnoll

Levels and vault maps discovered:
D:1:      scummos_arrival_forest, layout_loops_corners, serial_shops,
          nicolae_shop_real_fake_doors, shop, shop, shop
D:2:      layout_rooms, hex_medium
D:3:      layout_rooms, elyvilon_altar_4,
          dreamdust_ecumenical_altar_angels_and_demons, serial_bayou_pond_d
D:4:      layout_loops_ring, nemelex_diamond_rough_becter, xom_redecorated,
          minmay_temple_entry_nine_rooms, lightli_minifort, uniq_blork_the_orc

Skill      XL: |  1  2  3  4 |
---------------+-------------+-----
Axes           | 2 3 4 |  4.3
Fighting       | |  3.2
Armour         | |  3.2
Shields        | |  3.2

Action                     |  1- 3 |  4- 6 || total
---------------------------+-------+-------++-------
  Melee: War axe           |   123 |    22 ||   145
    Use: Scroll            |     8 |     3 ||    11
 Armour: Scale mail        |    53 |    11 ||    64
  Dodge: Dodged            |    51 |     9 ||    60
  Block: Buckler           |    20 |     7 ||    27

Table legend:
 A = Non-vault XP
 B = Vault XP
 C = Vault XP percentage of total XP
 D = Non-vault monster count
 E = Vault monster count
 F = Vault count percentage of total count
                 A         B        C        D         E       F
            +---------+---------+-------+---------+---------+-------
      Total |     146 |       0 |   0.0 |      46 |       0 |   0.0
            +---------+---------+-------+---------+---------+-------
        D:1 |      39 |       0 |   0.0 |      20 |       0 |   0.0
        D:2 |      29 |       0 |   0.0 |      12 |       0 |   0.0
        D:3 |      75 |       0 |   0.0 |      13 |       0 |   0.0
        D:4 |       3 |       0 |   0.0 |       1 |       0 |   0.0
            +---------+---------+-------+---------+---------+-------
